 Dungeon Crawl Stone Soup version 0.27-a0-1046-g98bf31544f (webtiles) character file.

Game seed: 5613052683290726504

342 angryZebra the Digger (level 6, 0/45 HPs)
             Began as a Draconian Earth Elementalist on Apr 19, 2021.
             Killed from afar by an orc wizard (5 damage)
             ... with a puff of flame
             ... on level 3 of the Dungeon.
             The game lasted 00:12:18 (3241 turns).

angryZebra the Digger (DrEE)                        Turns: 3241, Time: 00:12:18

Health: 0/45       AC: 10    Str: 11    XL:     6   Next: 30%
Magic:  6/11       EV: 12    Int: 17    God:
Gold:   122        SH:  0    Dex: 11    Spells: 9/12 levels left

rFire    . . .     SeeInvis .   a - +0 short sword
rCold    . . .     Faith    .   (no shield)
rNeg     . . .     Spirit   .   (armour unavailable)
rPois    .         Reflect  .   (helmet restricted)
rElec    .         Harm     .   (no cloak)
rCorr    .         Rampage  .   (no gloves)
Will     .....                  (no boots)
Stlth    ++........             (no amulet)
HPRegen  0.15/turn              h - +4 ring of protection
MPRegen  0.12/turn              (no ring)

@: no status effects
A: AC +6, unfitting armour, cold-blooded
a: no special abilities


You were on level 3 of the Dungeon.
You visited 1 branch of the dungeon, and saw 4 of its levels.

You collected 122 gold pieces.

Inventory:

Hand Weapons
 a - a +0 short sword (weapon)
Missiles
 b - 55 stones
Jewellery
 h - a +4 ring of protection (left hand)
Scrolls
 f - 2 scrolls of teleportation {unknown}
 g - a scroll of identify {unknown}
 i - a scroll of acquirement {unknown}
Potions
 c - a potion of heal wounds
 d - 3 potions of curing
 e - a potion of flight
 j - a potion of brilliance
 k - a potion of attraction {unknown}
 l - a potion of berserk rage {unknown}


   Skills:
 + Level 0.2 Fighting
 + Level 0.5 Short Blades
 + Level 2.4 Dodging
 + Level 2.6 Stealth
 + Level 3.7 Spellcasting
 + Level 1.0 Transmutations
 + Level 5.3 Earth Magic


You had 9 spell levels left.
You knew the following spells:

 Your Spells              Type           Power      Damage    Failure   Level
a - Sandblast             Erth           42%        2d11      1%          1
b - Passwall              Tmut/Erth      11%        N/A       7%          2

Your spell library contained the following spells:

 Spells                   Type           Power      Damage    Failure   Level
 Stone Arrow              Conj/Erth      24%        3d8       16%         3
 Petrify                  Tmut/Erth      14%        N/A       41%         4
 Lee's Rapid Deconstruct  Erth           10%        3d9*      45%         5


Dungeon Overview and Level Annotations

Branches:
Dungeon (4/15)
 Temple: D:4-7

Altars:

Shops:
D:1 [[

Annotations:
D:3 3 runed translucent doors, hemabe71's ghost, amateur HuAr


Innate Abilities, Weirdness & Mutations

Your plain brown scales are hard. (AC +6)
You cannot fit into any form of body armour.
You are cold-blooded and may be slowed by cold attacks.


Message History

The orc wizard barely misses you. The kobold barely misses you.
Casting: Sandblast (safe; 1% risk of failure)
Confirm with . or Enter, or press ? or * to list all spells.
Aiming: Sandblast (safe; 1% risk of failure)
Press: ? - help, Shift-Dir - straight line, f/p - orc wizard
Aim: an orc wizard, wielding a +0 dagger of venom and wearing a +0 robe (severely wounded, 76% to hit)
The blast of sand hits the orc wizard!
You kill the orc wizard!
The kobold hits you with a +0 short sword.
Casting: Sandblast (safe; 1% risk of failure)
Confirm with . or Enter, or press ? or * to list all spells.
Aiming: Sandblast (safe; 1% risk of failure)
Press: ? - help, Shift-Dir - straight line, f - kobold
Aim: a kobold, wielding a +0 short sword (76% to hit)
The blast of sand hits the kobold.
You kill the kobold!
Something hits you.
You are electrocuted!!
You hear some strange, mumbled words.
A magic dart appears from out of thin air!
The magic dart hits you.
There is a stone staircase leading up here.
Something hits you but does no damage.
You climb upwards.
Level annotation: 3 runed translucent doors, hemabe71's ghost, amateur HuAr Reactivating autopickup.
There is a stone staircase leading down here.
You start resting.
Something completely misses you. Something hits you but does no damage.
Deactivating autopickup; reactivate with Ctrl-A.
You hear some strange, mumbled words.
A puff of flame appears from out of thin air!
The puff of flame misses you. Something barely misses you.
Something hits you but does no damage. Something hits you but does no damage.
You are electrocuted!
* * * LOW HITPOINT WARNING * * *
You hear some strange, mumbled words.
A puff of flame appears from out of thin air!
The puff of flame hits you.
You die...

# #. #.#.#...h...#.#
############.##.###.#.#..l....#..
....................#.#########..
##.#########..#....#.............
#.# #####..###.###.###########
#.# #.........## ##...# # #.#
#.###..###.###.##.# #
##.#####.###.....#.#.###.# #
...##...........@.....##.# #
#..##..######..{.####.##.# #
#..##..# #.#.## #....# # #..##..#
#.#.# #.#### # #......#
###.#.#####.###########
#..#÷..####..................†...
#..)..........##.####.######.....
#.##...####.####.# #.# ######
..##..).....# #.# #.#


There were no monsters in sight!

Vanquished Creatures
  A water moccasin skeleton (D:2)
  A bullfrog zombie (D:3)
  A hound (D:3)
  Jessica (D:3)
  Natasha (twice) (D:2)
  An orc wizard (D:4)
  5 adders
  A gnoll (D:1)
  A worm (D:2)
  A dart slug (D:3)
  An orc (D:4)
  7 ball pythons
  9 endoplasms
  2 giant cockroaches (D:3)
  2 goblins
  7 hobgoblins
  2 jackals (D:3)
  5 kobolds
  A quokka (D:3)
  11 bats
  2 frilled lizards
  4 rats
68 creatures vanquished.

Notes
Turn   | Place    | Note
-------+----------+-------------------------------------------
     0 | D:1      | angryZebra the Draconian Earth Elementalist began the quest
                  | for the Orb.
     0 | D:1      | Reached XP level 1. HP: 14/14 MP: 3/3
   156 | D:1      | Reached XP level 2. HP: 20/20 MP: 1/5
   167 | D:1      | Learned a level 2 spell: Passwall
   265 | D:1      | Found Maasizic's Armour Shop.
   560 | D:1      | Found Saweress's Antique Armour Shop.
   634 | D:1      | Reached XP level 3. HP: 26/26 MP: 4/6
  1391 | D:2      | Reached skill level 4 in Earth Magic
  1576 | D:2      | Reached XP level 4. HP: 33/33 MP: 4/8
  1820 | D:2      | Noticed Natasha
  1833 | D:2      | Killed Natasha
  1849 | D:2      | Reached XP level 5. HP: 31/38 MP: 1/9
  2268 | D:2      | Noticed Natasha
  2282 | D:2      | Killed Natasha
  2528 | D:3      | Found a runed translucent gate.
  2530 | D:3      | Found a runed translucent gate.
  2530 | D:3      | Found a runed translucent gate.
  2530 | D:3      | Noticed hemabe71's ghost (amateur HuAr)
  2543 | D:3      | Noticed an orc warrior
  2573 | D:3      | Reached skill level 5 in Earth Magic
  2812 | D:3      | Reached XP level 6. HP: 44/45 MP: 8/11
  2844 | D:3      | Noticed Jessica
  2849 | D:3      | Killed Jessica
  3241 | D:3      | Killed from afar by an orc wizard

Illustrated notes

Levels and vault maps discovered:
D:1:      eino_arrival_water_star, layout_loops_ring, serial_shops, shop,
          nicolae_shop_trees
D:2:      layout_loops_corners, uniq_natasha
D:3:      layout_loops_ring, serial_shops, nicolae_shop_behind_doors,
          gammafunk_ghost_split, minmay_stone_trees_small, uniq_terence,
          uniq_jessica
D:4:      layout_cave_pools, nicolae_ossuary_entry_giza, uniq_grinder

Skill      XL: |  1  2  3  4  5 |
---------------+----------------+-----
Stealth        | 2 |  2.6
Earth Magic    | 4 5 |  5.3
Spellcasting   | 3 |  3.7
Dodging        | 2 |  2.4
Fighting       | |  0.2
Short Blades   | |  0.5
Transmutations | |  1.0

Action                   |  1- 3 |  4- 6 || total
-------------------------+-------+-------++-------
Melee: Short sword       |     8 |    38 ||    46
       Tailslap          |     1 |     1 ||     2
 Cast: Sandblast         |    44 |    67 ||   111
       Passwall          |       |     2 ||     2
  Use: Potion            |       |     3 ||     3
Armor: Skin              |    13 |    25 ||    38
Dodge: Dodged            |    14 |    58 ||    72

Table legend: (Time is in decaauts)
 A = Elapsed time spent in this place.
 B = Non-inter-level travel time spent in this place.
 C = Inter-level travel time spent in this place.
 D = Time resting spent in this place.
 E = Time spent auto-exploring this place.
 F = Levels seen in this place.
 G = Mean time per level.
                   A        B        C        D        E       F      G
               +--------+--------+--------+--------+--------+-----+--------+
         Total |   3260 |   3260 |      0 |    193 |   2299 |   4 |  815.0 |
       Dungeon |   3260 |   3260 |      0 |    193 |   2299 |   4 |  815.0 |
               +--------+--------+--------+--------+--------+-----+--------+

Top non-repeatable levels by time:
     D:2: 1474 daAuts
     D:1: 1069 daAuts
     D:3: 702 daAuts
     D:4: 14 daAuts
